Map: Crête de Lerilak

Players

zidar - Winner!

  • Race: Zerg Zerg
  • League: Silver
  • Spawn Location: 1:00

Flavius

  • Race: Terran Terran
  • League: Silver
  • Spawn Location: 11:00

VOD

Have the link to the VOD?

Description

Time

  • Played on: Dec. 30, 2015, 2:08 p.m.
  • Length: 11:25
Show
View Real Time Build Order
Export as new Build Order

zidar Zerg - Winner!

Build Orders: Hatch First 

Get SALT Encoding   

  12  0:02  Drone  
  13  0:15  Overlord  
  13  0:18  Drone  
  14  0:40  Drone  
  14  0:41  Drone x2  
  17  1:05  Hatchery  
  16  1:11  Spawning Pool  
  16  1:13  Drone  
  16  1:17  Drone  
  17  1:28  Extractor  
  17  1:31  Extractor, Drone x2  
  17  1:36  Drone  
  18  1:46  Drone  
  19  1:56  Drone  
  20  2:08  Drone  
  21  2:21  Queen  
  21  2:22  Queen  
  25  2:30  Roach Warren  
  25  2:35  Overlord  
  24  2:46  Drone x2  
  26  3:01  Evolution Chamber  
  25  3:09  Roach  
  27  3:13  Overlord x2  
  27  3:21  Drone  
  28  3:33  Roach  
  34  3:34  Roach x2  
  34  3:36  Roach  
  36  3:47  Drone x3  
  39  3:57  Ravager  
  39  4:01  Roach x2  
  44  4:11  Overlord x2  
  44  4:29  Drone x4  
  44  4:30  Drone x3  
  48  5:28  Spore Crawler  
  47  5:30  Spore Crawler  
  47  5:33  Ravager  
  40  6:26  Roach  
  40  6:27  Roach x9  
  40  6:30  Overlord x3  
  40  6:31  Overlord  
  54  6:53  Roach x5  
  54  6:54  Roach  
  66  6:55  Hatchery  
  66  6:58  Ravager x9  
  74  7:05  Zerg Ground Armor Level 1  
  74  7:12  Roach  
  74  7:13  Roach x5  
  86  7:18  Queen  
  88  7:24  Roach x2  
  88  7:28  Overlord x2  
  88  7:29  Overlord  
  92  8:09  Hatchery  
  47  10:05  Roach x14  
  47  10:06  Roach x10  
  85  10:21  Queen  
  84  10:38  Ravager x3  
  84  10:39  Ravager  
  84  10:40  Ravager x2  
  90  10:49  Ravager  
Show
View Real Time Build Order
Export as new Build Order

Flavius Terran 

Build Orders:  

Get SALT Encoding   

  12  0:02  SCV  
  13  0:26  SCV  
  13  0:27  Supply Depot  
  14  0:38  SCV  
  15  0:51  SCV  
  16  0:59  Barracks  
  16  1:03  Refinery  
  16  1:05  SCV  
  16  1:06  Refinery  
  17  1:17  SCV  
  18  1:29  SCV  
  19  1:40  Supply Depot  
  19  1:41  SCV  
  20  1:49  Marine  
  21  2:06  Marine  
  22  2:13  Factory  
  22  2:28  Supply Depot  
  23  2:30  SCV  
  23  2:42  SCV  
  23  2:44  Command Center  
  24  2:47  Marine  
  25  3:09  Starport  
  25  3:23  SCV  
  26  3:27  Factory Tech Lab, Bunker  
  26  3:35  SCV  
  27  3:47  SCV  
  28  3:49  Starport Reactor  
  28  3:52  Siege Tank  
  31  3:59  SCV  
  32  4:05  Supply Depot  
  32  4:10  SCV  
  32  4:11  SCV  
  32  4:15  Marine  
  35  4:23  SCV x2  
  37  4:35  SCV x2  
  39  4:41  Liberator x2  
  39  4:47  SCV x2  
  41  4:54  Refinery  
  41  4:57  Refinery  
  41  4:59  SCV x2  
  49  5:02  Supply Depot  
  49  5:11  SCV  
  49  5:12  SCV  
  51  5:23  SCV  
  51  5:24  SCV  
  52  5:42  SCV x2  
  48  5:54  SCV x2  
  37  6:49  Liberator x2  
  37  6:54  SCV  
  37  6:55  SCV  
  37  6:59  Factory Tech Lab  
  39  7:06  SCV  
  39  7:07  SCV  
  47  7:18  SCV  
  47  7:19  SCV  
  49  7:31  Liberator, SCV x2  
  49  7:32  Liberator  
  51  7:43  SCV x2  
  53  7:51  Siege Tank  
  62  7:55  SCV x2  
  64  8:07  SCV x2  
  66  8:19  SCV x2  
  64  8:42  SCV x2  
  64  8:44  Liberator  
  62  8:52  Siege Tank  
  62  8:54  SCV x2  
  60  9:06  SCV x2  
  57  9:24  Siege Tank  
Tags
 
Add a new tag
Caveats
  • Supply blocks, unpowered buildings, or Contaminate may cause inaccurate times.
  • Supply counts are checked every 10 seconds.